[Event "Early-Titled-Tuesday-Blitz-February-27-2024"]
[Site "Chess.com"]
[Date "2024.02.27"]
[Round "1"]
[White "Andreikka"]
[Black "PositionalPanther"]
[Result "1-0"]
[WhiteElo "2947"]
[BlackElo "2515"]
[TimeControl "180+1"]
[EndTime "8:06:53 PST"]
[Termination "Andreikka won by resignation"]

1. d4 d5 2. Nf3 Nf6 3. c4 e6 4.
g3 Be7 5. Bg2 O-O 6. Qc2 dxc4 7.
Qxc4 c6 8. O-O b5 9. Qd3 Bb7 10. Be3 a6 11. Rc1 Nd5 12. Nbd2 Nd7 13. Ne4 h6 14. Ne5 Nxe5 15. dxe5 Nxe3 16. Qxe3 c5 17. Nxc5 Bxg2 18. Kxg2 Bxc5 19. Rxc5 Rc8 20. Rac1 Rxc5 21. Rxc5 Qa8+ 22. Qf3 Qxf3+ 23. Kxf3 Rd8 24. Ke3 g5 25. Rc6 a5 26. Rc5 Rb8 27. h4 gxh4 28. gxh4 Kg7 29. h5 a4 30. f4 b4 31. Ra5 b3 32. Rxa4 bxa2 33. Rxa2 Rb3+ 34. Kd4 Rh3 35. b4 Rxh5 36. b5 Rh1 37. Rb2 Rd1+ 38. Kc5 Rd8 39. b6 h5 40. b7 Rb8 41. Kc6 Kg6 42. e4 h4 43.
Kc7 Rh8 44. b8=Q Rxb8 45. Rxb8 Kh5 46. Rg8 1-0

[Event "Early-Titled-Tuesday-Blitz-February-27-2024"]
[Site "Chess.com"]
[Date "2024.02.27"]
[Round "1"]
[White "CristianS27"]
[Black "chessamical"]
[Result "0-1"]
[WhiteElo "2542"]
[BlackElo "2175"]
[TimeControl "180+1"]
[EndTime "8:06:54 PST"]
[Termination "chessamical won by checkmate"]

1. e4 d5 2. d4 dxe4 3. f3 e5 4. d5 Nf6 5. Nc3 Bb4 6. Bg5 h6 7. Bxf6 Qxf6 8. fxe4 Bxc3+ 9. bxc3 Qh4+ 10. Kd2 Qf4+ 11.
Kd3 f5 12. Qh5+ Ke7 13. Qg6 Qxe4+ 14. Kd2 Qxd5+ 15. Bd3 Qf7 16. Qg3 Nc6 17. Re1 Be6 18. Nf3 e4 19. Bb5 Rhd8+ 20. Kc1 exf3 21. Bxc6 bxc6 22.
Qxc7+ Kf8 23. Qxc6 fxg2 24. Rhg1 Bd5 25. Qc5+ Kg8 26.
c4 Be4 27. h4 Rac8 28. Qa5 Rd4 29. c5 Rc4 30. Re2 R8xc5 31. Qa6 Rxc2+ 32. Rxc2 Rxc2+ 33. Kd1 Qd5+ 34. Ke1 Qd2# 0-1

[Event "Early-Titled-Tuesday-Blitz-February-27-2024"]
[Site "Chess.com"]
[Date "2024.02.27"]
[Round "1"]
[White "Zq1"]
[Black "Pikku_Myy73"]
[Result "1-0"]
[WhiteElo "2607"]
[BlackElo "2247"]
[TimeControl "180+1"]
[EndTime "8:06:55 PST"]
[Termination "Zq1 won by checkmate"]

1. d4 d5 2. c4 c6 3. cxd5 cxd5 4.
Bg5 Nc6 5. e3 Nf6 6. Bxf6 gxf6 7. Nc3 Bg7 8. g3 e6 9. Bg2 f5 10. Nge2 Bd7 11. O-O O-O 12. a3 Kh8 13. b4 Rc8 14.
Rc1 Ne7 15. Nf4 Ng6 16. Nd3 Qb6 17. Qb3 Bb5 18. Nxb5 Qxb5 19. a4 Qb6 20. a5 Qb5 21. Rfd1 b6 22. axb6 axb6 23. Bf1 Qd7 24. b5 Rxc1 25.
Rxc1 Rc8 26. Rxc8+ Qxc8 27. Qb2 Bf8 28. h4 Bd6 29. h5 Ne7 30. Qa2 Ng8 31. Kg2 Nf6 32. Be2 Ne4 33. Bf3 Qc7 34. h6 Qc8 35. Qa7 Bc7 36. Ne5 Nd6 37. Be2 Qb8 38. Qa1 Kg8 39.
Qh1 f6 40. Nc6 Qe8 41. Qa1 Ne4 42. Qa7 Qd7 43. Qa8+ Kf7 44. Bh5# 1-0

[Event "Early-Titled-Tuesday-Blitz-February-27-2024"]
[Site "Chess.com"]
[Date "2024.02.27"]
[Round "1"]
[White "hmatyi07"]
[Black "IamSchrodingersCat"]
[Result "0-1"]
[WhiteElo "2303"]
[BlackElo "2631"]
[TimeControl "180+1"]
[EndTime "8:06:57 PST"]
[Termination "IamSchrodingersCat won by checkmate"]

1. e4 c5 2. Nf3 d6 3. d4 cxd4 4.
Nxd4 Nf6 5. Nc3 g6 6. Be3 Bg7 7. f3 O-O 8. Qd2 Nc6 9. Bc4 Bd7 10. O-O-O Rb8 11. Bb3 a5 12. Ndb5 Rc8 13. g4 Ne5 14. Na7 Nxf3 15. Qf2 Rxc3 16. bxc3 Ne5 17. Bb6 Qe8 18.
h3 a4 19. Bd5 e6 20. Bxb7 Nc4 21. g5 Qb8 22. gxf6 Bh6+ 23. Rd2 Qxb7 24. Bd4 Bxd2+ 25. Kd1 Qb1+ 26. Ke2 Qxh1 27. Kd3 d5 28. exd5 exd5 29. Qh4 Re8 30. Qh6 Qf1# 0-1

[Event "Early-Titled-Tuesday-Blitz-February-27-2024"]
[Site "Chess.com"]
[Date "2024.02.27"]
[Round "1"]
[White "marcodobrikov"]
[Black "BeardedNM"]
[Result "1-0"]
[WhiteElo "2598"]
[BlackElo "2220"]
[TimeControl "180+1"]
[EndTime "8:06:57 PST"]
[Termination "marcodobrikov won by resignation"]

1. c4 e6 2. g3 d5 3. cxd5 exd5 4.
Bg2 Nf6 5. d4 Be7 6. Bg5 O-O 7.
Nc3 c6 8. e3 Re8 9. Nge2 Nbd7 10.
Qb1 a5 11. O-O Nf8 12. a3 a4 13. Qc2 Qa5 14. Rac1 Ne6 15. Bxf6 Bxf6 16. Na2 g6 17. Nb4 Ng7 18. Nxc6 bxc6 19. Qxc6 Be6 20. Rc5 Qa6 21. Qxa6 Rxa6 22. Bxd5 Bxd5 23. Rxd5 Rb8 24. Rb1 Rab6 25.
Nc3 Rxb2 26. Rxb2 Rxb2 27. Nxa4 Ra2 28. Ra5 h5 29. Ra8+ Kh7 30. Nc5 Be7 31. a4 Bxc5 32. dxc5 Rc2 33. Rc8 Rc4 34. a5 Ne6 35. c6 Ra4 36.
Ra8 Rc4 37. Ra6 Nc7 38. Rb6 Ra4 39. Rb7 Ne6 40. Rxf7+ Kg8 41. Rf6 Nf8 42. c7 Rc4 43. a6 Rxc7 44. Rb6 Ra7 45. h4 Nd7 46. Rb7 Rxb7 47.
axb7 Kf7 48. Kg2 Ke6 49. Kf3 Kd5 50. Kf4 Kc6 51. Kg5 Kxb7 52. Kxg6 Kc6 53. Kxh5 Kd5 54.
Kg6 Ke4 55. h5 Kf3 56. h6 Kxf2 57. Kg7 1-0

[Event "Early-Titled-Tuesday-Blitz-February-27-2024"]
[Site "Chess.com"]
[Date "2024.02.27"]
[Round "1"]
[White "Hananmo"]
[Black "Sanan_Sjugirov"]
[Result "0-1"]
[WhiteElo "2519"]
[BlackElo "2971"]
[TimeControl "180+1"]
[EndTime "8:06:58 PST"]
[Termination "Sanan_Sjugirov won by resignation"]

1. e4 c5 2. Nf3 d6 3. d4 cxd4 4. Nxd4 Nf6 5. Nc3 a6 6. Be2 e5 7. Nb3 Be7 8. O-O O-O 9. a4 Be6 10. Be3 Nbd7 11. a5 Rc8 12. Qd2 Qc7 13. f4 exf4 14. Bxf4 Ne5 15. Nd4 Rfe8 16. Rfd1 Bf8 17.
Na4 Nfd7 18. b3 g6 19. c4 Bg7 20. Rac1 Nc5 21. Nb6 Rcd8 22. Qe3 Qe7 23. b4 Ncd7 24. Nxe6 fxe6 25. Nxd7 Rxd7 26. Bg5 Bf6 27. Bh6 Nf7 28. Bf4 Be5 29. c5 dxc5 30. Rxd7 Qxd7 31. Bxe5 Nxe5 32.
Rxc5 Qd6 33. Qc3 Nc6 34. b5 axb5 35. Bxb5 Qd1+ 36. Bf1 Rf8 37. Qd3 Qe1 38. a6 Qf2+ 0-1

[Event "Early-Titled-Tuesday-Blitz-February-27-2024"]
[Site "Chess.com"]
[Date "2024.02.27"]
[Round "1"]
[White "maximnovik"]
[Black "SuperBlitz2013"]
[Result "1-0"]
[WhiteElo "2594"]
[BlackElo "2211"]
[TimeControl "180+1"]
[EndTime "8:06:59 PST"]
[Termination "maximnovik won by resignation"]

1. e4 e5 2. Nf3 Nc6 3. Bb5 a6 4.
Ba4 Nf6 5. d3 d6 6. c3 g6 7. O-O Bg7 8. Re1 O-O 9. h3 h6 10. Bxc6 bxc6 11. d4 Qe7 12. b3 Re8 13. Ba3 c5 14. dxc5 dxc5 15. Nbd2 Bb7 16. Qc2 Nh5 17.
Nc4 Rad8 18. Rad1 Nf4 19. Bc1 g5 20. Ne3 Qe6 21. c4 Kh7 22. Nf5 Bf6 23. Be3 Qc6 24. Nd2 Bc8 25. f3 Nd3 26. Rf1 Nb4 27. Qb1 Rd3 28. a3 Bxf5 29. exf5 Rxe3 30. axb4 e4 31. Nxe4 Bd4 32. Kh1 Kg8 33. bxc5 Bxc5 34. Rd5 R8xe4 35. fxe4 1-0

[Event "Early-Titled-Tuesday-Blitz-February-27-2024"]
[Site "Chess.com"]
[Date "2024.02.27"]
[Round "1"]
[White "Let_it_be_1"]
[Black "DonJuanEGenaro"]
[Result "1-0"]
[WhiteElo "2557"]
[BlackElo "2009"]
[TimeControl "180+1"]
[EndTime "8:06:59 PST"]
[Termination "Let_it_be_1 won by checkmate"]

1. e4 c5 2. Nf3 Nc6 3. d4 cxd4 4. Nxd4 Nf6 5. Nc3 d6 6. Be2 e5 7. Nb3 Be7 8. O-O O-O 9. f4 a5 10. a4 Nb4 11. Kh1 exf4 12. Bxf4 d5 13. e5 Ne4 14. Bd3 Qb6 15. Nxe4 dxe4 16. Bxe4 Be6 17.
c3 Rfd8 18. Nd4 Nc6 19. Qb1 Nxd4 20. Bxh7+ Kf8 21. cxd4 Qxd4 22. Bg3 Rac8 23. Bf5 Qd5 24. Bxe6 Qxe6 25. Qe4 b6 26. Qh7 Qh6 27. Qf5 f6 28. Qe6 Rc5 29. Rae1 Qg5 30. exf6 Bxf6 31. Bd6+ Rxd6 32.
Qxd6+ Kg8 33. Re8+ Kh7 34. Qd3+ Kh6 35. Rh8# 1-0

[Event "Early-Titled-Tuesday-Blitz-February-27-2024"]
[Site "Chess.com"]
[Date "2024.02.27"]
[Round "1"]
[White "nickmatta"]
[Black "Polish_fighter3000"]
[Result "0-1"]
[WhiteElo "2535"]
[BlackElo "3075"]
[TimeControl "180+1"]
[EndTime "8:07:00 PST"]
[Termination "Polish_fighter3000 won by resignation"]

1. Nf3 c5 2. g3 b5 3. Bg2 Bb7 4. O-O e6 5. a4 b4 6. d3 d5 7. e4 Nf6 8. exd5 Bxd5 9. Nbd2 Be7 10. Nc4 O-O 11. Re1 Nbd7 12. Bf4 Qc8 13. Bd6 Bxd6 14.
Nxd6 Qc7 15. Nc4 Bxc4 16. dxc4 Rad8 17. Qe2 Nb8 18. Qe5 Qxe5 19. Nxe5 Rd2 20. Rac1 Rfd8 21. b3 R2d4 22. Nd3 Nbd7 23. Bc6 Kf8 24. a5 Rd6 25.
Bf3 g6 26. Ra1 Ne8 27. h4 h5 28. a6 Rc8 29. Bb7 Rc7 30. Ra5 Ng7 31. Rb5 Nf5 32.
Ra5 Nd4 33. Rea1 Nxc2 34. R1a2 Rxd3 35. Rxc2 Rxb3 36. Rd2 Ke7 37. Rb5 Ra3 38. Rd3 Rxd3 0-1

[Event "Early-Titled-Tuesday-Blitz-February-27-2024"]
[Site "Chess.com"]
[Date "2024.02.27"]
[Round "1"]
[White "Misterfox120"]
[Black "krzyzan94"]
[Result "0-1"]
[WhiteElo "2449"]
[BlackElo "2792"]
[TimeControl "180+1"]
[EndTime "8:07:00 PST"]
[Termination "krzyzan94 won by resignation"]

1. d4 Nf6 2. Bf4 c5 3. e3 cxd4 4. exd4 d5 5. Nf3 Nc6 6. Nbd2 Bf5 7. Bb5 a6 8. Bxc6+ bxc6 9. c4 dxc4 10. Nxc4 Nd5 11.
Bg3 e6 12. O-O Be7 13. Nce5 Rc8 14. Rc1 Qb6 15. Qa4 O-O 16. Rxc6 Qxb2 17. Rxc8 Rxc8 18. Qxa6 Rf8 19. a4 Nc3 20. a5 Bd8 21. Nc6 Bf6 22. Be5 Be4 23. Bxf6 gxf6 24. Qc4 Ne2+ 25. Kh1 Nf4 26.
Qb4 Qe2 27. Re1 Qxf2 28. Qd2 Qxd2 29. Nxd2 Bxc6 0-1

[Event "Early-Titled-Tuesday-Blitz-February-27-2024"]
[Site "Chess.com"]
[Date "2024.02.27"]
[Round "1"]
[White "CaspiIsrael"]
[Black "GrotBchess"]
[Result "1-0"]
[WhiteElo "2678"]
[BlackElo "2378"]
[TimeControl "180+1"]
[EndTime "8:07:00 PST"]
[Termination "CaspiIsrael won by resignation"]

1. d4 Nf6 2. c4 g6 3. Nc3 Bg7 4. e4 d6 5. Be2 O-O 6. Nf3 e5 7. O-O Nc6 8. d5 Ne7 9. Ne1 a5 10. Be3 h5 11. f3 Bd7 12. c5 Ne8 13. Nd3 f5 14. Rc1 f4 15. Bf2 g5 16. h3 Ng6 17. Qb3 Kh7 18. Qxb7 Rb8 19. Qa6 g4 20. fxg4 hxg4 21. Bxg4 Bxg4 22. hxg4 Qg5 23. Be1 Qxg4 24.
Rf3 Rh8 25. Nf2 Qg5 26. Nh3 Qg4 27. Nb5 Kg8 28. cxd6 cxd6 29. a4 Bf6 30. b3 Bh4 31. Nf2 Bxf2+ 32. Bxf2 Nf6 33. Qxd6 Rf8 34. Qe6+ Qxe6 35.
dxe6 Nxe4 36. Rc7 Re8 37. Bb6 Rxe6 38. Bxa5 Ng3 39. Rc8+ Nf8 40. Kf2 Rh1 41. Rxg3+ fxg3+ 42. Kxg3 Rg6+ 43. Kf3 Rf1+ 44. Ke4 Rxg2 45. Kxe5 Rg3 46. Nd4 Rg5+ 47. Ke4 Rg4+ 48. Ke3 Re1+ 49. Bxe1 1-0

[Event "Early-Titled-Tuesday-Blitz-February-27-2024"]
[Site "Chess.com"]
[Date "2024.02.27"]
[Round "1"]
[White "LuisFSiles"]
[Black "lucasran"]
[Result "1-0"]
[WhiteElo "2327"]
[BlackElo "2619"]
[TimeControl "180+1"]
[EndTime "8:07:00 PST"]
[Termination "LuisFSiles won on time"]

1. e4 c6 2. d4 d5 3. exd5 cxd5 4. c4 Nf6 5. Nc3 Nc6 6. Bg5 dxc4 7. Bxc4 Qxd4 8. Qxd4 Nxd4 9. O-O-O e5 10. f4 Bg4 11.
Nf3 Bxf3 12. gxf3 Rc8 13. fxe5 Rxc4 14. exf6 Ne6 15. Rhe1 g6 16. Kb1 h6 17. Bc1 Bb4 18. Re4 Rxe4 19. Nxe4 Ng5 20. Rd4 Bf8 21. Bxg5 hxg5 22. Nxg5 Rxh2 23. Re4+ Kd7 24. Nxf7 Rg2 25. Ne5+ Kd6 26. Nc4+ Kd5 27. Ne3+ 1-0

[Event "Early-Titled-Tuesday-Blitz-February-27-2024"]
[Site "Chess.com"]
[Date "2024.02.27"]
[Round "1"]
[White "urano56"]
[Black "toog"]
[Result "0-1"]
[WhiteElo "2305"]
[BlackElo "2632"]
[TimeControl "180+1"]
[EndTime "8:07:00 PST"]
[Termination "toog won by resignation"]

1. e4 d6 2. d4 Nf6 3. Nc3 e5 4. Nf3 Nbd7 5. Bg5 Be7 6. Qd2 c6 7. a4 O-O 8. dxe5 dxe5 9. Bc4 Qc7 10. O-O h6 11. Bh4 a6 12. a5 Bb4 13. Kh1 Nxe4 14.
Qd3 Ndc5 15. Qe2 Nxc3 16. bxc3 Bxc3 17. Ra3 Bb4 18. Raa1 e4 19. Nd4 Bc3 20. Rad1 Qxa5 21. Qh5 Ne6 22. Nf5 Nf4 23. Ne7+ Kh7 24. Qxa5 Bxa5 25. Bg3 Nd5 26. Nxd5 cxd5 27. Bxd5 Re8 28. Bxf7 Re7 29. Bd5 Bf5 30. Rb1 Rc8 31. Bxb7 Rxc2 32. Bxa6 e3 33. fxe3 Be4 34. Rg1 Bd2 35. Bf4 g5 36.
Bd6 Rd7 37. Bb4 Bxe3 38. Rbe1 Bxg1 39. Rxg1 Rxg2 0-1

[Event "Early-Titled-Tuesday-Blitz-February-27-2024"]
[Site "Chess.com"]
[Date "2024.02.27"]
[Round "1"]
[White "Baronessa08"]
[Black "IsaqueGoncalvesSanto"]
[Result "1-0"]
[WhiteElo "2542"]
[BlackElo "1761"]
[TimeControl "180+1"]
[EndTime "8:07:00 PST"]
[Termination "Baronessa08 won on time"]

1. Nf3 e6 2. d4 d5 3. e3 Nf6 4. c4 Be7 5. b3 O-O 6. Bb2 b6 7. Nbd2 Bb7 8. Rc1 Nbd7 9. cxd5 exd5 10. Ne5 Nxe5 11. dxe5 Nd7 12. Bd3 Nc5 13. Bb1 Ba6 14.
Nf3 Ne4 15. Bd3 Bb4+ 16. Ke2 Bb7 17. Qc2 Rc8 18. Rhd1 Re8 19. Bxe4 dxe4 20. Rxd8 Ba6+ 21. Kd1 Rcxd8+ 22. Nd4 c5 23. Qxe4 cxd4 24. Bxd4 Rc8 25. Rxc8 Rxc8 26. e6 f6 27. e7 Kf7 28. Bxf6 1-0

[Event "Early-Titled-Tuesday-Blitz-February-27-2024"]
[Site "Chess.com"]
[Date "2024.02.27"]
[Round "1"]
[White "joshdaruca"]
[Black "ARMQUEEN"]
[Result "1-0"]
[WhiteElo "2776"]
[BlackElo "2438"]
[TimeControl "180+1"]
[EndTime "8:07:01 PST"]
[Termination "joshdaruca won on time"]

1. b3 e5 2. Bb2 d6 3. c4 Nc6 4.
e3 Nf6 5. d4 exd4 6. exd4 d5 7.
c5 Be7 8. Bd3 O-O 9. Nd2 Re8 10.
Ne2 b6 11. Rc1 Nb4 12. Bb1 Ba6 13. O-O Bxc5 14. Re1 Bd6 15. Nf3 c5 16. a3 Nc6 17.
dxc5 bxc5 18. b4 c4 19. Qa4 Bb7 20. Ned4 Ne5 21. h3 a6 22. Qd1 Nxf3+ 23. Qxf3 Be5 24. Nc6 Bxc6 25. Bxe5 Ne4 26. Bxe4 dxe4 27. Qg3 f6 28. Rxc4 Rxe5 29. Rxc6 Qd7 30. Rec1 g6 31. Rxf6 Rae8 32. Qe3 Rd5 33. Rxa6 Rd3 34. Qa7 Qd5 35. Qc5 Qd7 36.
Ra7 1-0

[Event "Early-Titled-Tuesday-Blitz-February-27-2024"]
[Site "Chess.com"]
[Date "2024.02.27"]
[Round "1"]
[White "DumbKing75"]
[Black "Shivananda1964"]
[Result "1-0"]
[WhiteElo "2644"]
[BlackElo "2325"]
[TimeControl "180+1"]
[EndTime "8:07:01 PST"]
[Termination "DumbKing75 won on time"]

1. d4 Nf6 2. Nf3 b5 3. e3 a6 4. a4 b4 5. c4 e6 6. b3 Bb7 7. Bb2 c5 8. Nbd2 d6 9. dxc5 dxc5 10.
Qc2 Be7 11. O-O-O Nbd7 12. Bd3 Qc7 13. Rhg1 h5 14. Ng5 Qxh2 15. Bg6 O-O 16. Ndf3 Qc7 17. Bh7+ Kh8 18. Rh1 Bxf3 19. gxf3 Ne5 20. f4 Neg4 21. Rdg1 g6 22. Bxg6 fxg6 23. Rxg4 1-0

[Event "Early-Titled-Tuesday-Blitz-February-27-2024"]
[Site "Chess.com"]
[Date "2024.02.27"]
[Round "1"]
[White "FairChess_on_YouTube"]
[Black "Honiex"]
[Result "1-0"]
[WhiteElo "3107"]
[BlackElo "2536"]
[TimeControl "180+1"]
[EndTime "8:07:02 PST"]
[Termination "FairChess_on_YouTube won by resignation"]

1. Nf3 d5 2. g3 c5 3. Bg2 Nc6 4. d4 e6 5. O-O cxd4 6. Nxd4 Bc5 7. Nb3 Bb6 8. c4 Nge7 9. Nc3 O-O 10. cxd5 exd5 11. Bf4 d4 12. Na4 h5 13. Rc1 h4 14.
Qd2 Ng6 15. Rfd1 Qe7 16. Bg5 Qe5 17. Nxb6 axb6 18. f4 Qe6 19. Nxd4 Nxd4 20. Qxd4 Rxa2 21.
Bd5 Qg4 22. Bxa2 hxg3 23. Qe3 gxh2+ 24. Kxh2 Qh5+ 25. Kg1 Kh7 26. Bd5 f6 27. Qf3 Bg4 28. Qh1 fxg5 29. Qxh5+ Bxh5 30. fxg5 Nf4 31. Be4+ Kh8 32. Kh2 Nxe2 33. Rf1 Re8 34. Rc4 b5 35. Rb4 Nd4 36. Rxd4 1-0

[Event "Early-Titled-Tuesday-Blitz-February-27-2024"]
[Site "Chess.com"]
[Date "2024.02.27"]
[Round "1"]
[White "chesstrainer2042"]
[Black "Salem-AR"]
[Result "0-1"]
[WhiteElo "2532"]
[BlackElo "3038"]
[TimeControl "180+1"]
[EndTime "8:07:02 PST"]
[Termination "Salem-AR won by resignation"]

1. e4 c6 2. Nf3 d5 3. Nc3 Bg4 4. h3 Bh5 5. exd5 cxd5 6. g4 Bg6 7. Bb5+ Nc6 8. Ne5 Rc8 9. d4 e6 10. h4 f6 11. Nxg6 hxg6 12. Bd3 g5 13. Bg6+ Kd7 14. h5 Nge7 15. Bd3 Nxd4 16. Be3 Nec6 17. a3 Bd6 18. Bf1 Be5 19. Bg2 Kc7 20. Na4 Kb8 21. c3 Nb5 22. Nc5 Qe7 23. Qb3 Nd6 24. Nd3 Nc4 25. O-O-O N6a5 26. Qa4 Bd6 27. Kb1 a6 28. Bc1 Rc7 29.
Rhe1 Qf7 30. Ka2 Rhc8 31. Qc2 Nxa3 32. bxa3 Rxc3 33. Qe2 Rc2+ 34. Bb2 Rxe2 35. Rxe2 Nc4 36. Bc1 Qd7 37. Rde1 Qa4 0-1

[Event "Early-Titled-Tuesday-Blitz-February-27-2024"]
[Site "Chess.com"]
[Date "2024.02.27"]
[Round "1"]
[White "Hovik_Hayrapetyan"]
[Black "LimeInTheCoconut"]
[Result "1-0"]
[WhiteElo "2892"]
[BlackElo "2498"]
[TimeControl "180+1"]
[EndTime "8:07:02 PST"]
[Termination "Hovik_Hayrapetyan won by resignation"]

1. d4 g6 2. e4 Bg7 3. Nc3 c5 4. dxc5 Bxc3+ 5. bxc3 Qc7 6. Be3 Nf6 7. Bd3 b6 8. cxb6 axb6 9. Ne2 d6 10. O-O Bb7 11.
Ng3 Nbd7 12. Bd4 O-O 13. c4 Ba6 14. Qe2 Rfc8 15. f4 Bxc4 16. e5 Bxd3 17. cxd3 Nd5 18. e6 N7f6 19. exf7+ Kxf7 20. f5 Qd7 21. fxg6+ hxg6 22. Ne4 Ra4 23. Ng5+ Kg8 24. Ne6 Rxd4 25. Nxd4 e5 26. Nf3 Nf4 27. Qd2 Qg4 28. Kh1 Rc3 29.
Nxe5 dxe5 30. Rxf4 exf4 31. Qxc3 f3 32. Qc4+ Qxc4 33.
dxc4 fxg2+ 34. Kxg2 1-0

[Event "Early-Titled-Tuesday-Blitz-February-27-2024"]
[Site "Chess.com"]
[Date "2024.02.27"]
[Round "1"]
[White "TheAlienParty"]
[Black "Flawless_Fighter"]
[Result "1/2-1/2"]
[WhiteElo "2429"]
[BlackElo "2731"]
[TimeControl "180+1"]
[EndTime "8:07:02 PST"]
[Termination "Game drawn by repetition"]

1. c4 e6 2. Nf3 d5 3. e3 Nf6 4. b3 c5 5. cxd5 exd5 6. Bb2 Nc6 7. Be2 Be7 8. O-O O-O 9. d4 Bg4 10. dxc5 Bxc5 11. Nd4 Bxe2 12. Nxe2 Qe7 13. Nbc3 Rad8 14. Nb5 a6 15. Nbd4 Ne4 16. a3 Nxd4 17.
Nxd4 f6 18. b4 Ba7 19. Rc1 Bb8 20. Nf3 Qe6 21. Qd4 Rfe8 22. Rfd1 Be5 23. Nxe5 fxe5 24.
Qd3 Rf8 25. f3 Nf6 26. Rc7 e4 27. fxe4 Qxe4 28. Rxb7 Qg4 29. Rf1 Qg5 30. Bd4 h6 31.
Qxa6 Ra8 32. Qe6+ Kh8 33. Bxf6 Rxf6 34. Rxf6 Qxf6 35. Qxf6 gxf6 36. Rd7 Rxa3 37. Rxd5 Rxe3 38. b5 Rb3 39. Rd8+ Kg7 40. Rb8 Rb2 41. h3 h5 42.
b6 Kg6 43. b7 Kf5 44. Rh8 Rxb7 45. Rxh5+ Kg6 46. Rc5 Rb1+ 47. Kh2 Rb2 48. Rc3 f5 49. Rf3 Kg5 50. Kg3 Ra2 51. Rb3 Rc2 52. h4+ Kh5 53. Kh3 Ra2 54. Rb5 Ra3+ 55. g3 Kg6 56.
Kg2 Ra2+ 57. Kf3 Ra3+ 58. Kf4 Ra4+ 59. Kf3 Ra3+ 60. Kg2 Ra2+ 61. Kf3 Ra3+ 1/2-1/2

[Event "Early-Titled-Tuesday-Blitz-February-27-2024"]
[Site "Chess.com"]
[Date "2024.02.27"]
[Round "1"]
[White "andrzej"]
[Black "Seochesspie"]
[Result "0-1"]
[WhiteElo "2485"]
[BlackElo "2862"]
[TimeControl "180+1"]
[EndTime "8:07:03 PST"]
[Termination "Seochesspie won on time"]

1. e4 c6 2. d4 d5 3. e5 Bf5 4. h4 a6 5. h5 c5 6. c3 Nc6 7. g4 Bd7 8. f4 e6 9. Be3 Qb6 10. Qd2 Rc8 11. Ne2 Nh6 12. Bh3 cxd4 13. cxd4 Bb4 14.
Nbc3 Na5 15. b3 f6 16. O-O Nf7 17. exf6 gxf6 18. g5 Bb5 19. Qb2 Bxc3 20. Nxc3 Bxf1 21. Rxf1 f5 22. Na4 Qd6 23. Nc5 b6 24. Nd3 Qe7 25.
Re1 Nd6 26. Ne5 Nc6 27. Rc1 Nxe5 28. dxe5 Rxc1+ 29. Qxc1 Nf7 30. Qc6+ Qd7 31. Qa8+ Nd8 32. Qxa6 O-O 33. Qxb6 Nc6 34. Bf1 d4 35. Bd2 d3 36.
Bg2 Rc8 37. h6 Nd4 38. Qa6 Rc2 39. Qa8+ Kf7 40. Qh8 Kg6 41. Qg8+ Kh5 42. g6 Ne2+ 43. Kh2 Rxd2 44. Bf3+ Kh4 45. gxh7 Nxf4+ 0-1

[Event "Early-Titled-Tuesday-Blitz-February-27-2024"]
[Site "Chess.com"]
[Date "2024.02.27"]
[Round "1"]
[White "bulletteemo"]
[Black "Vse_po_kaify"]
[Result "1/2-1/2"]
[WhiteElo "2567"]
[BlackElo "2172"]
[TimeControl "180+1"]
[EndTime "8:07:03 PST"]
[Termination "Game drawn by repetition"]

1. e4 e5 2. Nf3 Nf6 3. Nxe5 d6 4. Nf3 Nxe4 5. d4 d5 6. Bd3 Bd6 7. O-O O-O 8. c4 c6 9. cxd5 cxd5 10. Nc3 Nxc3 11.
bxc3 h6 12. Bc2 Nc6 13. Qd3 f5 14. Re1 Qf6 15. Bb3 Be6 16. Qb5 a6 17. Qxb7 Na5 18. Qb6 Nxb3 19. axb3 Bf7 20. Qa5 Rab8 21. Ne5 Rfe8 22.
Bf4 Rxb3 23. Nd7 Qg6 24. Rxe8+ Bxe8 25. Qxd5+ Qf7 26. Nf6+ gxf6 27. Qxd6 Rxc3 28. h4 Rc6 29. Qd8 Qd7 30. Qa8 Kg7 31. d5 Rb6 32. Re1 Bf7 33. d6 Qb7 34. Bxh6+ Kxh6 35. Qh8+ Kg6 36. h5+ Kg5 37.
h6 Rb1 38. Qg7+ Bg6 39. Rxb1 Qxb1+ 40. Kh2 Qb4 41. d7 Qf4+ 42. Kg1 Qc1+ 43. Kh2 Qf4+ 44. Kg1 Qc1+ 45. Kh2 Qf4+ 1/2-1/2

[Event "Early-Titled-Tuesday-Blitz-February-27-2024"]
[Site "Chess.com"]
[Date "2024.02.27"]
[Round "1"]
[White "Tashik"]
[Black "Chopper1905"]
[Result "0-1"]
[WhiteElo "2510"]
[BlackElo "2928"]
[TimeControl "180+1"]
[EndTime "8:07:04 PST"]
[Termination "Chopper1905 won on time"]

1. c4 Nf6 2. Nc3 c5 3. Nf3 Nc6 4. d4 cxd4 5. Nxd4 e6 6. g3 Qb6 7.
Ndb5 Bc5 8. Nd6+ Ke7 9. Nde4 Nxe4 10. Nxe4 Bb4+ 11. Bd2 f5 12. Nc3 Ne5 13. Bg2 Nxc4 14. Bg5+ Kf7 15. O-O h6 16. Bc1 d5 17. Qc2 Rd8 18. b3 Na3 19. Qd3 Qa6 20. Qxa6 bxa6 21. Bb2 Bb7 22. Na4 Rac8 23. Rac1 Nb5 24. e3 Bd2 25.
Rcd1 Rc2 26. h4 Rdc8 27. Bf3 Bc3 28. Nxc3 Nxc3 29. Bxc3 R8xc3 30. Ra1 a5 31. Rfd1 Kf6 32.
Rd4 Bc6 33. Kg2 g5 34. hxg5+ hxg5 35. Rh1 g4 36. Bd1 Rxa2 37. Rh8 e5 0-1

[Event "Early-Titled-Tuesday-Blitz-February-27-2024"]
[Site "Chess.com"]
[Date "2024.02.27"]
[Round "1"]
[White "MMKZH22"]
[Black "MyDream003"]
[Result "1-0"]
[WhiteElo "2435"]
[BlackElo "2699"]
[TimeControl "180+1"]
[EndTime "8:07:04 PST"]
[Termination "MMKZH22 won on time"]

1. Nf3 d5 2. d4 Nf6 3. c4 e6 4. Nc3 c6 5. e3 Nbd7 6. Qc2 Bd6 7. b3 O-O 8. Be2 b6 9. O-O Bb7 10. Rd1 Qe7 11. Bb2 Rfd8 12. e4 dxe4 13. Nxe4 Nxe4 14. Qxe4 Nf6 15. Qh4 c5 16. d5 exd5 17. Bxf6 Qxf6 18. Qxf6 gxf6 19. cxd5 a6 20. a4 Re8 21. Bc4 Bc8 22. Nh4 Bd7 23. Re1 Rxe1+ 24.
Rxe1 b5 25. axb5 axb5 26. Bd3 Be5 27. Bf5 Be8 28. g4 c4 29. bxc4 bxc4 30. Rd1 c3 31. d6 Ba4 32. Rc1 Bc6 33. d7 Kf8 34. h3 Ke7 35. f4 Bd4+ 36. Kf1 Ra2 37. Re1+ Be5 38. fxe5 Bxd7 39. exf6+ Kd6 40. Rd1+ Ke5 41. Rxd7 Ra1+ 42. Kf2 c2 43. Bxc2 1-0

[Event "Early-Titled-Tuesday-Blitz-February-27-2024"]
[Site "Chess.com"]
[Date "2024.02.27"]
[Round "1"]
[White "pfalcon1949"]
[Black "JulbeNn"]
[Result "0-1"]
[WhiteElo "1872"]
[BlackElo "2544"]
[TimeControl "180+1"]
[EndTime "8:07:04 PST"]
[Termination "JulbeNn won by checkmate"]

1. e4 c5 2. Nf3 Nc6 3. d4 cxd4 4. Nxd4 Nf6 5. Nc3 e5 6. Ndb5 d6 7. Nd5 Nxd5 8. exd5 Ne7 9. a4 a6 10. Na3 Ng6 11. c4 Be7 12. Be2 O-O 13. O-O f5 14. f4 exf4 15. Bxf4 Nxf4 16. Rxf4 Qb6+ 17. Qd4 Qxd4+ 18.
Rxd4 Bf6 19. Rd2 Bd7 20. a5 Rae8 21. Rb1 Bg5 22. Rc2 Be3+ 23. Kh1 f4 24. b4 Bf5 25.
Bf3 Bxc2 26. Nxc2 Rc8 27. Na3 Rfe8 28. h3 Bd2 29. Bg4 Rc7 30. Be6+ Kf8 31. Kh2 g6 32.
h4 Kg7 33. Kh3 h5 34. c5 dxc5 35. bxc5 Rxc5 36. Rxb7+ Kh6 37. Rb6 Rc3+ 38. Kh2 Rxa3 39.
Bf7 Re1 40. Rxg6+ Kh7 41. Rxa6 Raa1 42. g3 f3 43. g4 Bf4+ 44. Kh3 Rh1# 0-1

[Event "Early-Titled-Tuesday-Blitz-February-27-2024"]
[Site "Chess.com"]
[Date "2024.02.27"]
[Round "1"]
[White "komogro"]
[Black "jefferyx"]
[Result "0-1"]
[WhiteElo "2533"]
[BlackElo "3054"]
[TimeControl "180+1"]
[EndTime "8:07:06 PST"]
[Termination "jefferyx won on time"]

1. d4 d5 2. c4 e6 3. Nf3 dxc4 4. e3 Nf6 5. Bxc4 c5 6. O-O Nc6 7. Qe2 a6 8. Rd1 b5 9. Bb3 c4 10. Bc2 Nb4 11. e4 Bb7 12. Nc3 Nxc2 13. Qxc2 b4 14. Na4 Bxe4 15. Qxc4 Bxf3 16. gxf3 Qd5 17. Qxd5 Nxd5 18.
Be3 Bd6 19. Rac1 Ke7 20. Rc6 Rhc8 21. Rdc1 Rxc6 22. Rxc6 Kd7 23. Rc4 Rc8 24. Rxc8 Kxc8 25. h3 Kb7 26. Kf1 Kc6 27. Ke2 h6 28. Kd3 g5 29. b3 f6 30. Kc4 h5 31. Bd2 a5 32.
Nb2 h4 33. Kd3 Bf4 34. Be1 Bc1 35. Nc4 Kb5 36. Nd6+ Kb6 37. Ne8 Kc6 38. Kc4 Kd7 39. Ng7 Nf4 40. Kb5 Nxh3 41. Nh5 f5 42. Kxa5 Nf4 43.
Bxb4 Nxh5 44. Kb6 h3 0-1